 Dungeon Crawl Stone Soup version 0.29.1-1-gd02db6906a (webtiles) character file.

Game seed: 5194991078831728975

50 Godmorgon the Magician (level 4, -3/32 HPs)
             Began as a Djinni Ice Elementalist on Oct 5, 2022.
             Slain by a goblin
             ... wielding a +0 club
             ... led by Robin
              (4 damage)
             ... on level 2 of the Dungeon.
             The game lasted 00:09:44 (1738 turns).

Godmorgon the Magician (Djinni Ice Elementalist)    Turns: 1738, Time: 00:09:45

Health: -3/32      AC:  2    Str:  7    XL:     4   Next: 4%
Gold:   115        EV: 12    Int: 19    God:
                   SH:  4    Dex: 13

rFire   + + .      SeeInvis .   a - +0 sling
rCold   x . .      Faith    .   e - +0 buckler
rNeg    . . .      Spirit   .   g - +0 robe
rPois   ∞          Reflect  .   (no helmet)
rElec   .          Harm     .   (no cloak)
rCorr   .          Rampage  .   (no gloves)
Will    .....                   (boots unavailable)
Stlth   ++........              (no amulet)
HPRegen 0.10/turn               (no ring)
MPRegen 0.00/turn               (no ring)

@: flying
A: sickness immunity, fire resistance 2, cold vulnerability 1, float, innate
caster, HP casting, extra vitality 1
a: no special abilities


You were on level 2 of the Dungeon.
You visited 1 branch of the dungeon, and saw 2 of its levels.

You collected 115 gold pieces.

Inventory:

Hand Weapons
 a - a +0 sling (weapon)
 b - a +0 short sword
 j - a +0 dagger
Armour
 e - a +0 buckler (worn)
 g - a +0 robe (worn)
Scrolls
 h - a scroll of fear {unknown}
 i - a scroll of butterflies {unknown}
 k - a scroll of identify {unknown}
Potions
 c - a potion of flight {unknown}
 d - a potion of ambrosia {unknown}
 f - a potion of mutation {unknown}
 l - a potion of heal wounds {unknown}


   Skills:
 + Level 1.2 Fighting
 * Level 0.4 Ranged Weapons
 - Level 2.1 Dodging
 - Level 1.5 Stealth
 * Level 1.3 Shields
 * Level 3.7 Spellcasting


You couldn't memorise any spells.
You knew the following spells:

 Your Spells              Type           Power      Damage    Failure   Level
a - Ozocubu's Armour      Ice            17%        N/A       12%         3
f - Freeze                Ice            68%        1d8       4%          1
h - Hailstorm             Conj/Ice       17%        3d6       36%         4
r - Frozen Ramparts       Ice            34%        1d6       12%         3
s - Slow                  Hex            68%        N/A       4%          1
Your spell library was empty.

Dungeon Overview and Level Annotations

Branches:
Dungeon (2/15)

Altars:

Annotations:
D:1 exclusion: gnoll
D:2 Robin


Innate Abilities, Weirdness & Mutations

You are immune to sickness and miasma.
You are immune to poison.
Your flesh is very heat resistant. (rF++)
You are vulnerable to cold. (rC-)
You float through the air rather than walking.
You learn spells naturally, not from books.
Your magical power is your life essence.
You have superior vitality. (+4 MHP)


Message History

You freeze the goblin.
The goblin is moderately wounded.
The goblin hits you with a +0 club.
* * * LOW HITPOINT WARNING * * *
The goblin hits you with a +0 dagger.
* * * LOW HITPOINT WARNING * * *
Casting: Freeze (safe; 4% risk of failure)
Confirm with . or Enter, or press ? or * to list all spells.
Aiming: Freeze (safe; 4% risk of failure)
Press: ? - help, Shift-Dir - straight line, f/p - goblin
Aim: a goblin, wielding a +0 dagger (moderately wounded, strong)
You freeze the goblin!
You kill the goblin!
* * * LOW HITPOINT WARNING * * *
The goblin closely misses you.
Casting: Freeze (safe; 4% risk of failure)
Confirm with . or Enter, or press ? or * to list all spells.
Aiming: Freeze (safe; 4% risk of failure)
Press: ? - help, Shift-Dir - straight line, f - goblin
Aim: a goblin, wielding a +0 club (strong)
You freeze the goblin.
You kill the goblin!
* * * LOW HITPOINT WARNING * * *
Okay, then.
Okay, then.
Robin roars a battlecry!
Robin no longer looks unusually strong.
Robin throws the goblin at you! The goblin closely misses you.
Casting: Freeze (safe; 4% risk of failure)
Confirm with . or Enter, or press ? or * to list all spells.
Aiming: Freeze (safe; 4% risk of failure)
Press: ? - help, Shift-Dir - straight line, f - goblin
Aim: a goblin, wielding a +0 club (strong)
You freeze the goblin.
The goblin is moderately wounded.
* * * LOW HITPOINT WARNING * * *
The goblin no longer looks unusually strong.
Robin says, "A pitiful Djinni like you will never find the ORB!"
The goblin hits you with a +0 club.
You die...

...##........#.#...#
##.##........#.#...#
##.##..........#...#
##.########....#...######
. .##....)#..............
# #.###.##.#..#.#######
#.##.#....# #....#.#g.#
#.#....#@.#
#########.#######.#######
..........# #.......#
###.#####.# #g......#
#.#.# #.# #.......# #.#.#
#.# #.####### ..#.# ...
#.# ###.####### #.##
....#.....# #..#


You could see Robin and a goblin.

Vanquished Creatures
  An adder (D:2)
  A worm (D:2)
  A dart slug (D:1)
  4 ball pythons
  2 endoplasms (D:1)
  A hobgoblin (D:2)
  3 quokkas
  2 bats (D:1)
  12 goblins
  3 kobolds
  4 rats
34 creatures vanquished.

Notes
Turn   | Place    | Note
-------+----------+-------------------------------------------
     0 | D:1      | Godmorgon the Djinni Ice Elementalist began the quest for
                  | the Orb.
     0 | D:1      | Godmorgon set off with the following spells memorised:
                  | Freeze, Frozen Ramparts, Ozocubu's Armour, Hailstorm.
     0 | D:1      | Reached XP level 1. HP: 15/15 MP: 0/0
   233 | D:1      | Reached XP level 2. HP: 11/22 MP: 0/0
   689 | D:1      | Reached skill level 1 in Fighting
   791 | D:1      | Found a faded altar of an unknown god.
   897 | D:1      | Reached XP level 3. HP: 20/27 MP: 0/0
   897 | D:1      | Learned a level 1 spell: Slow
  1306 | D:2      | Reached skill level 1 in Shields
  1702 | D:2      | Noticed Robin
  1713 | D:2      | Reached XP level 4. HP: 32/32 MP: 0/0
  1738 | D:2      | Slain by a goblin

Illustrated notes

Levels and vault maps discovered:
D:1:      tarquinn_simple_flora_water_e, layout_rooms,
          ebering_ecumenical_altar_sacrificial
D:2:      mumra_celtic_spiral_tile, layout_basic, uniq_robin

Skill      XL: |  1  2  3 |
---------------+----------+-----
Fighting       | 1 |  1.2
Shields        | 1 |  1.3
Ranged Weapons | |  0.4
Dodging        | |  2.1
Stealth        | |  1.5
Spellcasting   | |  3.7

Action                   |  1- 3 |  4- 6 || total
-------------------------+-------+-------++-------
Melee: Dagger            |     6 |       ||     6
 Fire: Sling             |    23 |     2 ||    25
Throw: Stone             |     6 |       ||     6
 Cast: Freeze            |    39 |     4 ||    43
       Slow              |     4 |       ||     4
Armor: Robe              |     4 |     2 ||     6
Dodge: Dodged            |    20 |     5 ||    25
Block: Buckler           |     4 |     2 ||     6
